 Dungeon Crawl Stone Soup version 0.17-a0-1667-g4ca74a1 (webtiles) character file.

1127 Promi the Skirmisher (level 8, -1/68 HPs)
             Began as a Hill Orc Fighter on Aug 17, 2015.
             Slain by an orc warrior
             ... wielding a +0 short sword
              (18 damage)
             ... on level 6 of the Dungeon.
             The game lasted 00:25:22 (5595 turns).

Promi the Skirmisher (Hill Orc Fighter)             Turns: 5595, Time: 00:25:23

Health: -1/68      AC:  4    Str: 19    XL:     8   Next: 35%
Magic:  14/14      EV:  9    Int: 10    God:
Gold:   298        SH:  9    Dex: 10    Spells: 1 memorised, 12 levels left

rFire  . . .     SeeInvis .     a - +1 war axe
rCold  . . .     Clarity  .     z - +0 leather armour
rNeg   . . .     SustAt   .     c - +0 shield
rPois  +         Gourm    .     (no helmet)
rElec  .         Spirit   .     (no cloak)
rCorr  .         Warding  .     (no gloves)
rMut   .         Stasis   .     C - +0 pair of boots
MR     .....                    (no amulet)
Stlth  +.........               y - ring of poison resistance
                                u - ring of flight

@: very slightly contaminated, hasted, very quick, not resistant to hostile
enchantments, very unstealthy
A: no striking features
a: Evoke Flight


You were on level 6 of the Dungeon.
You were not hungry.

You visited 1 branch of the dungeon, and saw 7 of its levels.

You collected 298 gold pieces.

Inventory:

Hand weapons
 a - a +1 war axe (weapon)
 p - a +0 halberd
 x - a +1 spear of piercing
Armour
 b - a +0 scale mail
 c - a +0 shield (worn)
 n - a +0 chain mail
 z - a +0 leather armour (worn)
 C - a +0 pair of boots (worn)
Jewellery
 u - a ring of flight (left hand)
 y - a ring of poison resistance (right hand)
 H - an uncursed ring of ice
Magical devices
 r - a wand of magic darts (26)
 t - a wand of frost (22)
 F - a wand of flame (8)
Scrolls
 l - a scroll of enchant weapon
 m - 2 scrolls of identify
 v - a scroll of blinking
 B - a scroll of fear {unknown}
 D - 5 scrolls of remove curse
 I - a scroll of recharging {unknown}
Potions
 d - a potion of berserk rage {unknown}
 f - 2 potions of mutation
 i - a potion of cancellation
 j - 2 potions of curing
 o - a potion of degeneration
 q - a potion of magic
 J - a potion of flight
Books
 h - a book of Clouds

   Spells                             Type                      Level
   a - Mephitic Cloud                 Conjuration/Poison/Air       3
   b - Conjure Flame                  Conjuration/Fire             3
   c - Poisonous Cloud                Conjuration/Poison/Air       6
   d - Freezing Cloud                 Conjuration/Ice/Air          6
   e - Ring of Flames                 Charms/Fire                  7
Comestibles
 e - 2 bread rations
 g - 2 slices of pizza
 s - a royal jelly
 w - a beef jerky
 E - 3 fruits
 G - a meat ration


   Skills:
 - Level 5.0 Fighting
 - Level 4.2 Axes
 - Level 4.8 Armour
 - Level 0.1 Dodging
 - Level 4.6 Shields
 - Level 4.0 Spellcasting
 + Level 3.8 Conjurations
 + Level 2.5 Poison Magic


You had 12 spell levels left.
You knew the following spells:

 Your Spells              Type           Power        Failure   Level  Hunger
a - Mephitic Cloud        Conj/Pois/Air  #.......     97%         3    ###....


Dungeon Overview and Level Annotations

Branches:
Dungeon (7/15)
 Temple: D:4-7

Altars:
Elyvilon
Fedhas
Vehumet
Zin
The Shining One

Shops:
D:4 *

Annotations:
D:6 exclusion: statue


Message History

There is a stone staircase leading down here.
Drink which item? (? for menu, Esc to quit)
You feel better. You block the orc warrior's attack.
Drink which item? (? for menu, Esc to quit)
You feel yourself speed up. You block the orc warrior's attack.
You are very lightly contaminated with residual magic.
You completely miss the orc warrior.
The orc warrior is lightly wounded.
The orc warrior hits you with a short sword.
* * * LOW HITPOINT WARNING * * *
You hit the orc warrior but do no damage.
The orc warrior is lightly wounded.
You barely miss the orc warrior.
The orc warrior is lightly wounded.
The orc warrior hits you with a short sword.
* * * LOW HITPOINT WARNING * * *
You closely miss the orc warrior.
The orc warrior is lightly wounded.
The orc warrior hits you with a short sword!!
You die...

........#........#...+...........
........#........#...#...........
........#........'...#...........
........#+##...####'##..)........
#####......#+###.......#'#####+##
#......+.<.#.......#....#....
#......#...'.......+....+....
#......#...#.......#....#....
#####......#..##@......####'###'#
.....#+#####..#.o...#'###........
...#..........+.....#...+........
...#..........#.....#...#........
...#..........#.....#...#........
...'..........#.....+...#........
...#'###+###'##.....#+###........
.............................##+#
.............................#...


You could see an orc warrior.

Vanquished Creatures
  Eustachio (D:5)
  A water moccasin (D:6)
  An ogre (D:7)
  A sky beast (D:5)
  Blork the orc (D:6)
  A centaur zombie (D:6)
  A wasp zombie (D:6)
  2 orc wizards
  An orc priest (D:5)
  3 giant frog skeletons
  5 worker ants
  A hound zombie (D:5)
  A hound skeleton (D:6)
  Robin (D:4)
  8 gnolls
  2 adders
  2 adder skeletons
  3 worms
  5 giant geckos
  19 orcs
  3 bats
  A giant cockroach (D:3)
  15 hobgoblins
  5 jackals
  A quokka (D:2)
  3 ball pythons
  5 giant newts
  14 goblins
  14 kobolds
  3 quokka zombies
  8 rats
132 creatures vanquished.

Notes
Turn   | Place    | Note
--------------------------------------------------------------
     0 | D:1      | Promi the Hill Orc Fighter began the quest for the Orb.
     0 | D:1      | Reached XP level 1. HP: 19/19 MP: 1/1
   103 | D:1      | Reached XP level 2. HP: 22/27 MP: 2/2
   549 | D:1      | Reached skill level 4 in Fighting
   960 | D:2      | Reached XP level 3. HP: 31/33 MP: 3/3
  1102 | D:2      | Reached XP level 4. HP: 6/40 MP: 4/4
  2643 | D:3      | Found a blossoming altar of Fedhas.
  2718 | D:3      | Reached XP level 5. HP: 20/47 MP: 5/5
  2858 | D:4      | Found a glowing golden altar of the Shining One.
  3182 | D:4      | Found Unty's General Store.
  3373 | D:4      | Reached XP level 6. HP: 55/55 MP: 6/6
  3387 | D:4      | Reached skill level 5 in Fighting
  3493 | D:4      | Noticed Robin
  3511 | D:4      | Killed Robin
  3511 | D:4      | Reached skill level 1 in Spellcasting
  3614 | D:5      | Entered Level 5 of the Dungeon
  3653 | D:5      | Found a glowing silver altar of Zin.
  3703 | D:5      | Noticed Eustachio
  3836 | D:5      | Killed Eustachio
  3836 | D:5      | Reached XP level 7. HP: 34/61 MP: 8/11
  3963 | D:5      | HP: 1/61 [something (6)]
  4560 | D:6      | Learned a level 3 spell: Mephitic Cloud
  4603 | D:6      | Found a radiant altar of Vehumet.
  4659 | D:6      | Noticed Blork the orc
  4666 | D:6      | Killed Blork the orc
  4666 | D:6      | Reached skill level 1 in Conjurations
  4958 | D:6      | Reached skill level 1 in Poison Magic
  4958 | D:6      | Reached XP level 8. HP: 52/68 MP: 14/14
  4969 | D:6      | Found a white marble altar of Elyvilon.
  5595 | D:6      | Slain by an orc warrior

Vault maps used:
D:1:      lightli_arrival_farm
D:2:      minmay_ruptured
D:3:      old_standard_altar
D:4:      tso_metal_star, serial_shops, shop, first_bread,
          kennysheep_big_empty_room, hex_medium, uniq_robin
D:5:      zin_treasury, kennysheep_small_circle, uniq_eustachio
D:6:      vehumet_statue, lemuel_crystal_altar, uniq_blork_the_orc
D:7:      nicolae_ru_sacrificial_ziggurat, kennysheep_mini,
          gammafunk_temple_overflow_pools, minmay_temple_entry_water_ring

Action                   |  1- 3 |  4- 6 |  7- 9 || total
-------------------------+-------+-------+-------++-------
Melee: War axe           |   105 |   253 |   186 ||   544
 Abil: Evoke Flight      |       |     1 |       ||     1
  Use: Potion            |       |     4 |     4 ||     8
       Scroll            |       |    12 |     2 ||    14
  Eat: Chunk             |     1 |     9 |     7 ||    17
